 Dungeon Crawl Stone Soup version 0.30.0-5-g1a98f26d00 (webtiles) character file.

Game seed: 789479390602450464

13063 RepoMan the Frost Mage (level 12, -11/92 (95) HPs)
             Began as a Formicid Ice Elementalist on May 12, 2023.
             Was a Believer of Vehumet.
             Mangled by a death scarab (23 damage)
             ... in a Gauntlet.
             The game lasted 01:31:51 (13208 turns).

RepoMan the Frost Mage (Formicid Ice Elementalist) Turns: 13208, Time: 01:31:51

HP:   -11/92 (95)   AC: 17    Str: 14    XL:     12   Next: 28%
MP:   14/16         EV: 11    Int: 25    God:    Vehumet [**....]
Gold: 569           SH:  6    Dex: 14    Spells: 5/17 levels left

rFire   . . .        p - +1 whip (distort)
rCold   + . .        f - +0 buckler
rNeg    . . .        i - +2 leather armour {rC+}
rPois   .            (helmet unavailable)
rElec   .            (no cloak)
rCorr   .            R - +2 pair of gloves
SInv    +            o - +0 pair of boots
Will    ++...        (no amulet)
Stlth   +++          V - ring of willpower
HPRegen 0.35/turn    T - +6 ring of intelligence
MPRegen 0.15/turn

%: no passive effects
@: ice-armoured, studying Unarmed Combat, lightly drained
A: permanent stasis, dig shafts and tunnels, antennae 3, four strong arms
a: Dig, Renounce Religion


You were in a Gauntlet.
You worshipped Vehumet.
Vehumet was pleased with you.
You visited 3 branches of the dungeon, and saw 14 of its levels.
You also visited: Gauntlet.

You collected 569 gold pieces.

Inventory:

Hand Weapons
 p - a +1 whip of distortion (weapon)
 x - the +8 hammer "Xouliq" {drain, Will+ Int+5}
   (You found it on level 4 of the Dungeon)

   Int:       It affects your intelligence (+5).
   Will:      It increases your willpower.
 E - the +7 whip "Earthworm" {heavy, rF+ Dex+3}
   (You found it on level 5 of the Dungeon)

   Dex:       It affects your dexterity (+3).
   rF:        It protects you from fire.
 U - a +11 giant club
Missiles
 a - 56 stones (quivered)
 t - 40 poisoned darts
 M - 5 curare-tipped darts
Armour
 f - a +0 buckler (worn)
 i - a +2 leather armour of cold resistance (worn)
 o - a +0 pair of boots (worn)
 R - a +2 pair of gloves (worn)
Jewellery
 L - a ring of protection from fire
 Q - a ring of protection from cold
 T - a +6 ring of intelligence (right hand)
 V - a ring of willpower (left hand)
 X - a ring of wizardry
Wands
 v - a wand of roots (2)
 z - a wand of digging (14)
 B - a wand of flame (13)
 O - a wand of polymorph (9)
 Y - a wand of paralysis (7)
Scrolls
 d - 14 scrolls of identify {unknown}
 h - 2 scrolls of fog {unknown}
 k - 2 scrolls of vulnerability {unknown}
 m - a scroll of poison {unknown}
 n - 4 scrolls of immolation {unknown}
 r - 3 scrolls of enchant armour {unknown}
 y - 3 scrolls of magic mapping {unknown}
 D - a scroll of silence {unknown}
 F - a scroll of amnesia {unknown}
 H - a scroll of summoning {unknown}
 I - 7 scrolls of teleportation {unknown}
 J - a scroll of blinking {unknown}
 N - a scroll of noise {unknown}
 P - a scroll of fear {unknown}
 S - 2 scrolls of acquirement {unknown}
 W - a scroll of torment {unknown}
Potions
 b - a potion of magic
 c - 4 potions of heal wounds {unknown}
 e - 4 potions of might {unknown}
 g - 2 potions of mutation {unknown}
 j - 3 potions of invisibility {unknown}
 l - 5 potions of curing {unknown}
 q - 3 potions of brilliance {unknown}
 s - 3 potions of degeneration {unknown}
 w - 3 potions of ambrosia
 A - a potion of berserk rage {unknown}
 C - 3 potions of resistance {unknown}
 G - 5 potions of haste {unknown}
 K - a potion of flight {unknown}
 Z - a potion of lignification {unknown}


   Skills:
 + Level 9.0 Fighting
 - Level 1.7 Dodging
 - Level 6.6 Stealth
 - Level 9.9 Shields
 - Level 3.3 Spellcasting
 * Level 14.7 Ice Magic


You had 5 spell levels left.
You knew the following spells:

 Your Spells              Type           Power      Damage    Failure   Level
b - Summon Ice Beast      Ice/Summ       41%        N/A       8%          4
g - Apportation           Tloc           8%         N/A       16%         1
o - Ozocubu's Armour      Ice            67%        N/A       1%          3
r - Frozen Ramparts       Ice            100%       1d16      1%          3
z - Freeze                Ice            100%       1d10      1%          1

Your spell library contained the following spells:

 Spells                   Type           Power      Damage    Failure   Level
 Dazzling Flash           Conj/Hex       8%         N/A       43%         3
 Kiss of Death            Conj/Necr      16%        2d6       16%         1
 Necrotise                Necr           16%        1d4       16%         1
 Metabolic Englaciation   Hex/Ice        20%        N/A       21%         5
 Confusing Touch          Hex            4%         N/A       43%         3
 Tukima's Dance           Hex            4%         N/A       43%         3
 Vampiric Draining        Necr           4%         2d6       43%         3
 Dispel Undead            Necr           4%         3d7       83%         4
 Passage of Golubria      Tloc           4%         N/A       83%         4
 Agony                    Necr           4%         N/A       99%         5
 Alistair's Intoxication  Tmut/Pois      2%         N/A       99%         5
 Silence                  Hex/Air        2%         N/A       99%         5
 Yara's Violent Unravell  Hex/Tmut       2%         3d3       99%         5
 Simulacrum               Ice/Necr       20%        N/A       75%         6
 Conjure Ball Lightning   Conj/Air       2%         3x3d6     100%        6
 Discord                  Hex            2%         N/A       100%        8
 Disjunction              Tloc           2%         N/A       100%        8
 Lehudib's Crystal Spear  Conj/Erth      2%         10d2      100%        8


Dungeon Overview and Level Annotations

Branches:
Dungeon (10/15)            Temple (1/1) D:4            Lair (3/5) D:10
  Swamp (0/4) Lair:2          Orc (0/2) D:10        Gauntlet (1/1)
  Snake: Lair:2-3    Spider: Lair:2-3

Altars:
Ashenzari
Cheibriados
Dithmenos
Elyvilon
Fedhas
Gozag
Hepliaklqana
Kikubaaqudgha
Makhleb
Nemelex Xobeh
Okawaru
Qazlal
Ru
Sif Muna
Trog
Uskayaw
Vehumet
Wu Jian
Xom
Yredelemnul
Zin
The Shining One

Annotations:
D:4 1 runed translucent door, Crazy Yiuf
D:6 2 transporters
Lair:2 3 runed translucent doors, exclusion: door, Henri's ghost, journeyman VSEn Gauntlet 11 transporters, exclusions: obsidian statue and orange crystal statue


Innate Abilities, Weirdness & Mutations

You cannot be hasted, slowed, berserked, paralysed or teleported.
You can dig through walls and to a lower floor.
You have a pair of large antennae on your head. (SInv)
Your four strong arms can wield two-handed weapons with a shield.


Message History

Unknown command.
Okay, then.
Unknown command.
Okay, then.
Unknown command.
Aiming: Fastroot
Press: ? - help, Shift-Dir - straight line, f/p - death scarab
Aim: a death scarab (lightly damaged)
The roots erupt in riotous growth!
The spectral dream sheep is unaffected.
Roots grab the death scarab.
The grasping roots constrict the death scarab.
The death scarab struggles to escape constriction.
The death scarab escapes!
The spectral dream sheep bites you.
* * * LOW HITPOINT WARNING * * *
You feel drained.
* * * LOW HITPOINT WARNING * * *
The death scarab bites you.
* * * LOW HITPOINT WARNING * * *
The death scarab drains your vigour!
Your stasis prevents you from being slowed.
The death scarab draws strength from your injuries!
You hit the death scarab but do no damage.
Space warps horribly around the death scarab!
The death scarab is moderately damaged.
The death scarab bites you but does no damage. x2
The spectral dream sheep bites you.
* * * LOW HITPOINT WARNING * * *
You feel drained.
Press: ? - help, v - describe, . - travel
Here: a death scarab (moderately damaged)
The floor.
Unknown command.
You hit the death scarab but do no damage.
The death scarab is moderately damaged.
The death scarab bites you but does no damage.
The spectral dream sheep bites you but does no damage.
You barely miss the death scarab.
The death scarab is moderately damaged.
The death scarab bites you!!
You die...

#.©.#...§§....#.©.#.....#
#...#..§≈8≈...#...#.8...###
#.©.#....≈....#.©.#.....#8#
########...###########..###
g)©g#^##...#..[.©.!..#..#
#^.#.###...#.........#..###
####..##...#.........#..#8#
.^###x##...#.........#..###
########...#....@....#..#
..#....#...#...BZ....#..###
##.##.©#...#.....(...#..#8#
..#.##.#.∩.#.........#..###
#.##..##...#.........#..#
########...###########..###
..©.............©.......#8#
........≈∩≈............≈###
#########################


You could see a spectral dream sheep and a death scarab.

Vanquished Creatures
  A two-headed ogre (D:10)
  Joseph (D:8)
  A black mamba (Lair:3)
  A cane toad (Lair:3)
  A tyrant leech (Lair:2)
  A troll (D:10)
  A hornet (Lair:2)
  3 blink frogs (Lair:3)
  5 wyverns
  3 wraiths
  16 yaks
  An acid dragon (D:9)
  A swamp worm (Lair:2)
  4 water moccasins
  A sky beast (D:7)
  2 orc warriors
  3 ice beasts
  A centaur (D:8)
  10 ogres
  6 kobold brigands
  5 bullfrogs
  A gnoll sergeant (D:7)
  6 scorpions
  2 wights (D:8)
  8 killer bees
  3 electric eels (D:9)
  10 howler monkeys
  3 jellies
  2 gnoll boudas
  9 orc priests
  3 hounds
  A sleepcap (D:4)
  4 iguanas
  3 orc wizards
  45 gnolls
  3 adders
  2 shadow imps
  A white imp (D:5)
  An ufetubus (D:6)
  2 worms
  A dart slug (D:4)
  40 orcs
  9 ball pythons
  5 bats
  3 endoplasms
  5 giant cockroaches
  7 hobgoblins
  17 jackals
  3 quokkas
  A frilled lizard (D:1)
  2 goblins (D:1)
  8 kobolds
  6 rats
  A spectral kobold (D:4)
285 creatures vanquished.

Vanquished Creatures (collateral kills)
  Erolcha (D:10)
  A gnoll sergeant (D:10)
  2 wights (D:8)
4 creatures vanquished.

Grand Total: 289 creatures vanquished

Notes
Turn   | Place    | Note
-------+----------+-------------------------------------------
     0 | D:1      | RepoMan the Formicid Ice Elementalist began the quest for
                  | the Orb.
     0 | D:1      | Reached XP level 1. HP: 13/13 MP: 3/3
   218 | D:1      | Reached XP level 2. HP: 19/19 MP: 0/5
   441 | D:1      | Reached skill level 1 in Shields
   769 | D:2      | Reached XP level 3. HP: 24/24 MP: 4/6
   858 | D:2      | Identified the +0 robe of the Sky {rC+}
  1390 | D:3      | Learned a level 3 spell: Frozen Ramparts
  1557 | D:3      | Reached XP level 4. HP: 30/30 MP: 3/7
  1627 | D:3      | Reached skill level 5 in Ice Magic
  1888 | D:3      | Reached XP level 5. HP: 28/35 MP: 1/8
  2263 | D:4      | Noticed an ogre
  2363 | D:3      | Reached XP level 6. HP: 41/41 MP: 5/9
  2371 | D:3      | Reached skill level 6 in Ice Magic
  2740 | D:3      | Reached skill level 7 in Ice Magic
  2741 | D:3      | Reached XP level 7. HP: 46/46 MP: 6/10
  3335 | D:4      | Found a runed translucent door.
  3336 | D:4      | Noticed Crazy Yiuf
  3337 | D:4      | Identified the +8 hammer "Xouliq" {drain, Will+ Int+5}
  3395 | D:4      | Found a white marble altar of Elyvilon.
  3468 | D:4      | Reached skill level 8 in Ice Magic
  3722 | D:4      | Reached XP level 8. HP: 25/52 MP: 4/11
  3846 | D:5      | Entered Level 5 of the Dungeon
  4009 | D:5      | Reached skill level 9 in Ice Magic
  4283 | D:5      | Learned a level 3 spell: Ozocubu's Armour
  4417 | D:5      | Reached skill level 1 in Fighting
  4511 | D:5      | Identified the +7 whip "Earthworm" {heavy, rF+ Dex+3}
  4574 | D:5      | You fall into a shaft and drop 2 floors!
  4770 | D:7      | Reached XP level 9. HP: 61/61 MP: 8/13
  4782 | D:7      | Reached skill level 10 in Ice Magic
  4848 | D:7      | Reached skill level 5 in Shields
  5348 | D:7      | Identified the +3 ring mail "Xius Quu" {+Blink rN+}
  5495 | D:6      | Found a transporter.
  5628 | D:6      | Noticed a kobold demonologist
  5629 | D:6      | Noticed a kobold demonologist
  5842 | D:5      | Reached skill level 11 in Ice Magic
  6071 | D:4      | Found a staircase to the Ecumenical Temple.
  6076 | Temple   | Entered the Ecumenical Temple
  6083 | Temple   | Became a worshipper of Vehumet
  6283 | D:4      | Learned a level 4 spell: Summon Ice Beast
  6429 | D:4      | Reached XP level 10. HP: 73/73 MP: 10/14
  6494 | D:4      | Found a hazy altar of Hepliaklqana.
  7064 | D:6      | Found a transporter.
  8111 | D:8      | Reached skill level 5 in Fighting
  8460 | D:8      | Found a broken altar of Ashenzari.
  8474 | D:8      | Noticed Joseph
  8499 | D:8      | Killed Joseph
  9210 | D:8      | Learned a level 1 spell: Apportation
  9379 | D:8      | Reached skill level 12 in Ice Magic
  9397 | D:8      | Reached * piety under Vehumet
  9397 | D:8      | Offered knowledge of Shock by Vehumet.
  9480 | D:8      | Reached skill level 5 in Stealth
 10195 | D:9      | Found a stormy altar of Qazlal.
 10426 | D:10     | Entered Level 10 of the Dungeon
 10669 | D:10     | Noticed Sonja
 10676 | D:10     | Reached XP level 11. HP: 83/83 MP: 10/15
 10676 | D:10     | Sonja changed into Sonja the worm
 10676 | D:10     | Noticed Sonja
 10678 | D:10     | Killed Sonja the worm
 10741 | D:10     | Noticed Erolcha
 10946 | D:10     | Reached skill level 13 in Ice Magic
 10946 | D:10     | Reached ** piety under Vehumet
 10947 | D:10     | Offered knowledge of Magic Dart by Vehumet.
 10963 | D:10     | Found a staircase to the Lair.
 11101 | D:10     | Noticed a two-headed ogre
 11133 | D:10     | Killed a two-headed ogre
 11390 | D:10     | Found a staircase to the Orcish Mines.
 11462 | D:10     | Killed Erolcha
 11658 | Lair:1   | Entered Level 1 of the Lair of Beasts
 11661 | Lair:1   | You fall into a shaft and drop 1 floor!
 11705 | Lair:2   | Offered knowledge of Dazzling Flash by Vehumet.
 11865 | Lair:2   | Reached skill level 14 in Ice Magic
 11873 | Lair:2   | Reached XP level 12. HP: 73/94 MP: 14/16
 12101 | Lair:2   | Found a staircase to the Swamp.
 12238 | Lair:2   | Found a runed translucent gate.
 12238 | Lair:2   | Found a runed translucent gate.
 12240 | Lair:2   | Found a runed translucent gate.
 12243 | Lair:2   | Noticed Henri's ghost (journeyman VSEn)
 12986 | Lair:3   | Found a gate leading to a gauntlet.
 12994 | Gauntlet | Entered a Gauntlet
 12994 | Gauntlet | Noticed a death scarab
 12994 | Gauntlet | Found a transporter.
 12994 | Gauntlet | Found a transporter.
 12994 | Gauntlet | Found a transporter.
 12994 | Gauntlet | Found a transporter.
 13018 | Gauntlet | Found a transporter.
 13028 | Gauntlet | Found a transporter.
 13032 | Gauntlet | Found a transporter.
 13042 | Gauntlet | Found a transporter.
 13063 | Gauntlet | Found a transporter.
 13080 | Gauntlet | Found a transporter.
 13084 | Gauntlet | Found a transporter.
 13094 | Gauntlet | Found a transporter.
 13141 | Gauntlet | Noticed an entropy weaver
 13208 | Gauntlet | Mangled by a death scarab

Illustrated notes

Levels and vault maps discovered:
D:1:      zaba_arrival_water, layout_rooms, amcnicky_mini_rare_corridor_liquid
D:2:      layout_rooms
D:3:      lemuel_castle_with_subvaults [lemuel_castle_interior_carwin_2],
          layout_basic
D:4:      layout_rooms, nicolae_hepliaklqana_monster_ancestors,
          general_overflow_altar, minmay_temple_entry_statues_pillars,
          minmay_misc_feat_square, minmay_misc_feat_rows,
          uniq_crazy_yiuf_cottage
D:5:      layout_rooms
D:6:      gammafunk_wand_slinger, layout_layer_cave
D:7:      layout_loops_ring, kennysheep_generic_room_5
D:8:      layout_basic, mainiacjoe_overflow_concentric_impassable, uniq_joseph
D:9:      layout_big_octagon, nicolae_qazlal_eye_of_the_storm,
          chequers_big_river, dreamdust_wishing_well
D:10:     layout_long_grid, minmay_lair_entry_grove,
          kennysheep_orc_monster_closet_entryway, uniq_sonja, uniq_erolcha
Temple:   nicolae_temple_no_exploring_needed
Lair:1:   dreamdust_cave_troll, layout_regular_city, serial_bayou_shore_a,
          grunt_megastairs_5, infiniplex_staircase_pool_2
Lair:2:   layout_cave_pods, minmay_swamp_entry_worms,
          gammafunk_ghost_necromancy, eino_house_with_fridge
Lair:3:   layout_cave_pods, guppyfry_snake_entry_garden, gauntlet_entry_generic
Gauntlet: gammafunk_gauntlet_hard_choice [gammafunk_gauntlet_arena_mazey,
          gammafunk_gauntlet_arena_open, nicolae_gauntlet_arena_t_cross,
          gammafunk_gauntlet_arena_spirals, gammafunk_gauntlet_arena_crates,
          nicolae_gauntlet_arena_x, gauntlet_exit_green]

Skill      XL: |  1  2  3  4  5  6  7  8  9 10 11 12 |
---------------+-------------------------------------+-----
Shields        | 1 2 3 4 6 8 9 |  9.9
Stealth        | 3 6 |  6.6
Ice Magic      | 5 7 8 9 11 12 14 | 14.7
Fighting       | 2 4 6 8 9 |  9.0
Spellcasting   | 3 |  3.3
Dodging        | |  1.7

Action                     |  1- 3 |  4- 6 |  7- 9 | 10-12 || total
---------------------------+-------+-------+-------+-------++-------
  Melee: Whip              |     9 |     8 |    73 |   140 ||   230
         Dagger            |     3 |    12 |       |       ||    15
  Throw: Stone             |     8 |     1 |     1 |     3 ||    13
         Dart              |       |    10 |    10 |     5 ||    25
         Throwing net      |       |       |       |     3 ||     3
   Cast: Freeze            |    54 |    37 |    37 |    25 ||   153
         Frozen Ramparts   |       |    11 |    53 |    58 ||   122
         Ozocubu's Armour  |       |       |     8 |    21 ||    29
         Summon Ice Beast  |       |       |       |    11 ||    11
  Evoke: Wand              |       |       |       |    19 ||    19
   Stab: Sleeping          |     3 |     1 |       |       ||     4
 Armour: Robe              |     2 |       |       |       ||     2
         Leather armour    |     5 |     8 |    17 |    44 ||    74
  Dodge: Dodged            |    25 |    11 |    33 |    55 ||   124
  Block: Buckler           |     8 |    10 |    16 |    43 ||    77
